AoeStats
← mryendl2410

Arena

509063809Analyzed
4v4 RM · 8d ago on Sep 25, 2026· 43m 38s· 8 players
Game mode
Random Map
Map size
Large (8 player)
Population
200
Speed
Normal
Resources
Standard
Victory
Conquest
Starting age
Dark Age
Ending age
Imperial Age
RankedLock teamsTeams togetherTeam positionsShared explorationLock speedFull tech treeHidden civsTurbo modeCheats
Victory
Defeat
🇮🇳 Khmer · India
1403
+13
🇹🇼 Danes · Taiwan
1390
+14
🇹🇼 Wu · Taiwan
1352
+15
🇨🇳 Danes · China
1342
+16
🇻🇳 Italians · Vietnam
1411
-17
🇻🇳 Lithuanians · Vietnam
1374
-15
🇦🇺 Malay · Australia
1326
-14
🇨🇳 Franks · China
1264
-12
arsenalchelsea2
11:19 Feudal Age
14:06 Castle Age
12:18 Double-Bit Axe
12:16 Horse Collar
15:04 Bow Saw
21:27 Wheelbarrow
22:09 Stone Mining
22:18 Gold Mining
27:19 Imperial Age
24:35 Loom
25:48 Bloodlines
25:40 Husbandry
26:15 Hand Cart
26:32 Scale Barding Armor
27:25 Gold Shaft Mining
27:47 Chain Barding Armor
29:03 Plate Barding Armor
28:03 Elite Battle Elephant
30:07 Forging
30:20 Conscription
30:35 Tusk Swords
31:18 Town Watch
32:12 Iron Casting
31:50 Elite Ballista Elephant
33:19 Stone Shaft Mining
34:30 Ballistics
35:10 Chemistry
34:16 Siege Engineers
35:57 Double Crossbow
40:04 Fletching
41:14 Blast Furnace
41:44 Hoardings
MinatoRen
11:06 Feudal Age
14:48 Castle Age
13:17 Double-Bit Axe
13:31 Loom
18:13 Fletching
24:02 Bodkin Arrow
26:33 Wheelbarrow
31:04 Horse Collar
31:38 Gold Mining
32:04 Bow Saw
39:59 Imperial Age
39:24 Scale Mail Armor
39:36 Pikeman
40:35 Chain Mail Armor
40:24 Padded Archer Armor
41:45 Chemistry
40:47 Bracer
41:16 Hand Cart
40:30 Halberdier
42:47 Squires
42:34 Arson
43:45 Leather Archer Armor
44:03 Plate Mail Armor
43:44 Forging
cgan13289
10:34 Feudal Age
11:04 Feudal Age
14:52 Castle Age
13:16 Double-Bit Axe
14:24 Gold Mining
15:53 Bow Saw
17:09 Horse Collar
18:21 Scale Mail Armor
18:25 Loom
20:33 Heavy Plow
22:03 Wheelbarrow
25:38 Chain Mail Armor
29:42 Town Watch
36:11 Imperial Age
33:40 Stone Mining
34:34 Forging
35:04 Hamask
36:41 Iron Casting
36:45 Hand Cart
36:45 Masonry
36:41 Elite Jomsviking
37:42 Conscription
36:56 Capped Ram
39:22 Chemistry
38:29 Siege Engineers
39:46 Gold Shaft Mining
38:40 Siege Ram
39:17 Northmen's Fury
40:15 Squires
40:00 Arson
40:58 Plate Mail Armor
41:38 Blast Furnace
41:52 Town Patrol
43:11 Stone Shaft Mining
Dd
6:55 Loom
11:40 Feudal Age
15:30 Fletching
21:27 Castle Age
20:24 Stone Mining
23:25 Scale Mail Armor
25:28 Squires
26:05 Forging
25:43 Horse Collar
26:15 Arson
27:43 Chain Mail Armor
30:10 Iron Casting
34:00 Hamask
37:07 Wheelbarrow
36:24 Gold Mining
40:28 Imperial Age
38:44 Heavy Plow
41:10 Elite Jomsviking
42:41 Hand Cart
42:15 Double-Bit Axe
43:13 Conscription
43:48 Plate Mail Armor
43:52 Bow Saw
Lalo Salamanca
6:45 Loom
9:42 Feudal Age
10:24 Double-Bit Axe
13:50 Fletching
23:53 Castle Age
26:57 Wheelbarrow
26:44 Horse Collar
29:24 Forging
29:25 Gold Mining
31:08 Iron Casting
mryendl2410
12:29 Feudal Age
10:48 Loom
13:30 Double-Bit Axe
16:13 Castle Age
14:35 Gold Mining
14:34 Horse Collar
21:12 Imperial Age
31:54 Fletching
33:51 Wheelbarrow
34:29 Bodkin Arrow
37:25 Ballistics
38:07 Chemistry
38:31 Padded Archer Armor
41:12 Bracer
piecardinap
11:54 Feudal Age
12:48 Double-Bit Axe
15:38 Castle Age
18:06 Wheelbarrow
20:51 Scale Barding Armor
24:20 Bloodlines
24:48 Loom
28:18 Chain Barding Armor
30:04 Light Cavalry
33:50 Imperial Age
32:42 Gold Mining
32:43 Stone Mining
33:53 Bow Saw
33:26 Horse Collar
34:42 Cavalier
35:22 Husbandry
36:00 Plate Barding Armor
40:41 Two-Man Saw
40:26 Paladin
42:02 Fletching
42:34 Forging
轻绘梨花泪满衣
10:26 Feudal Age
14:48 Castle Age
13:06 Double-Bit Axe
21:21 Wheelbarrow
24:22 Bow Saw
26:00 Scale Barding Armor
27:19 Hand Cart
29:45 Imperial Age
27:17 Gold Mining
28:54 Chain Barding Armor
28:22 Loom
28:22 Town Watch
29:46 Forging
29:38 Scale Mail Armor
29:21 Pikeman
30:01 Squires
29:47 Arson
31:12 Iron Casting
30:01 Halberdier
31:16 Conscription
31:32 Chain Mail Armor
32:08 Elite Throwing Axeman
34:32 Blast Furnace
34:03 Plate Mail Armor
34:09 Plate Barding Armor
33:57 Husbandry
34:08 Cavalier
35:59 Chivalry
37:24 Gold Shaft Mining
36:39 Stone Mining
36:19 Paladin
38:23 Chemistry
37:43 Ballistics
37:30 Siege Engineers
37:47 Onager
40:27 Fortified Wall
39:58 Treadmill Crane
40:59 Fletching
Connection lost

Rejoining the realm…

Still unreachable

The connection could not be restored.

Session expired

The server has moved on; the page needs a fresh start.